| TOP OF THE 1ST |
|
UCLA Bruins batting - Pitching for University of North Carolina at Chapel Hill Tar Heels : LHP Francisco Guerra
|
|
Pitching: LHP Francisco Guerra
|
|
|
Batting: RHB Ken Hillman
|
0-0: Foul Ball, location: 2F 0-1: Ball 1-1: Ball 2-1: SINGLE (Flyball, 7S, EV 96.2 MPH)
|
|
Batting: RHB Issac Konol
|
0-0: Ball Ken Hillman steals 2nd base 1-0: Called Strike 1-1: Ground out 6-3 (Groundball, 6, EV 98.8 MPH)
|
|
Batting: RHB Andy Knerr
|
0-0: Ball Ken Hillman steals 3rd base 1-0: Foul Ball, location: 2F 1-1: Foul Ball, location: 2F 1-2: Foul Ball, location: 2F 1-2: Foul Ball, location: 2F 1-2: Ball 2-2: Ball 3-2: 2-RUN HOME RUN (Flyball, 7D, EV 100.6 MPH), Distance : 392 ft
|
|
Batting: RHB Corey Bradley
|
0-0: Called Strike 0-1: Ball 1-1: Called Strike 1-2: Ball 2-2: Ground out 2-3 (Groundball, 2R, EV 68.1 MPH)
|
|
Batting: SHB Mike Beck
|
0-0: Foul Ball, location: 2F 0-1: Ground out U3 (Groundball, 3, EV 81.2 MPH)
|
| Top of the 1st over - 2 runs, 2 hits, 0 errors, 0 left on base; UCLA 2 - University of North Carolina at Chapel Hill 0 |
| BOTTOM OF THE 1ST |
|
University of North Carolina at Chapel Hill Tar Heels batting - Pitching for UCLA Bruins : RHP Cyrano Papadoupolos
|
|
Pitching: RHP Cyrano Papadoupolos
|
|
|
Batting: SHB Ryan Marsh
|
0-0: Ball 1-0: Ball 2-0: Called Strike 2-1: Ball 3-1: Foul Ball, location: 2F 3-2: Ground out 3-1 (Groundball, 34, EV 100.0 MPH)
|
|
Batting: RHB Bill Atley
|
0-0: Foul Ball, location: 2F 0-1: Ball 1-1: Ground out 2-3 (Groundball, 15S, EV 70.0 MPH)
|
|
Batting: RHB Michael Houseman
|
0-0: Called Strike 0-1: Hit by Pitch
|
|
Batting: RHB Jeremy Rollins
|
0-0: Ground out 4-3 (Groundball, 34, EV 95.0 MPH)
|
| Bottom of the 1st over - 0 runs, 0 hits, 0 errors, 1 left on base; UCLA 2 - University of North Carolina at Chapel Hill 0 |
| TOP OF THE 2ND |
|
UCLA Bruins batting - Pitching for University of North Carolina at Chapel Hill Tar Heels : LHP Francisco Guerra
|
|
Batting: RHB Dave Spradley
|
0-0: Fly out, F7 (Flyball, 7, EV 81.9 MPH)
|
|
Batting: LHB Scott Mullett
|
0-0: Ball 1-0: Called Strike 1-1: Swinging Strike 1-2: Foul Ball, location: 2F 1-2: Ball 2-2: Ball 3-2: Foul Ball, location: 2F 3-2: Fly out, F8 (Flyball, 8LS, EV 80.0 MPH)
|
|
Batting: RHB Luis de Jesus
|
0-0: Called Strike 0-1: Called Strike 0-2: Ball 1-2: Ball 2-2: Ground out 6-3 (Groundball, 6, EV 104.4 MPH)
|
| Top of the 2nd over - 0 runs, 0 hits, 0 errors, 0 left on base; UCLA 2 - University of North Carolina at Chapel Hill 0 |
| BOTTOM OF THE 2ND |
|
University of North Carolina at Chapel Hill Tar Heels batting - Pitching for UCLA Bruins : RHP Cyrano Papadoupolos
|
|
Batting: SHB Jonathan Barrie
|
0-0: Ball 1-0: Ground out 1-3 (Groundball, 34S, EV 75.6 MPH)
|
|
Batting: SHB Jim Saxon
|
0-0: Ball 1-0: Ball 2-0: Foul Ball, location: 2F 2-1: Foul Ball, location: 2F 2-2: Foul Ball, location: 2F 2-2: Fly out, F5 (Popup, 5S, EV 80.0 MPH)
|
|
Batting: RHB Tony Jennings
|
0-0: Ball 1-0: Ground out 6-3 (Groundball, 6, EV 90.6 MPH)
|
| Bottom of the 2nd over - 0 runs, 0 hits, 0 errors, 0 left on base; UCLA 2 - University of North Carolina at Chapel Hill 0 |
| TOP OF THE 3RD |
|
UCLA Bruins batting - Pitching for University of North Carolina at Chapel Hill Tar Heels : LHP Francisco Guerra
|
|
Batting: RHB Ivan Murillo
|
0-0: Ground out 3-1 (Groundball, 13, EV 82.5 MPH)
|
|
Batting: RHB Ken Hillman
|
0-0: Swinging Strike 0-1: Ball 1-1: Ground out 6-3 (Groundball, 6, EV 90.0 MPH)
|
|
Batting: RHB Issac Konol
|
0-0: Ball 1-0: Called Strike 1-1: Ball 2-1: Foul Ball, location: 2F 2-2: Fly out, F8 (Flyball, 89M, EV 95.6 MPH)
|
| Top of the 3rd over - 0 runs, 0 hits, 0 errors, 0 left on base; UCLA 2 - University of North Carolina at Chapel Hill 0 |
| BOTTOM OF THE 3RD |
|
University of North Carolina at Chapel Hill Tar Heels batting - Pitching for UCLA Bruins : RHP Cyrano Papadoupolos
|
|
Batting: LHB Juan Alvarado
|
0-0: Ball 1-0: Swinging Strike 1-1: Ball 2-1: Ball 3-1: Base on Balls
|
|
Batting: RHB Brandon Wilson
|
0-0: Ball 1-0: Ball 2-0: Ball 3-0: Foul Ball, location: 2F 3-1: Base on Balls Juan Alvarado to second
|
|
Batting: SHB Ryan Marsh
|
0-0: Ball 1-0: Foul Ball, location: 2F 1-1: SINGLE (Groundball, 4, EV 99.4 MPH) Juan Alvarado to third Brandon Wilson to second
|
|
Batting: RHB Bill Atley
|
0-0: Called Strike 0-1: Ball 1-1: Swinging Strike 1-2: Foul Ball, location: 2F 1-2: Strikes out looking
|
|
Batting: RHB Michael Houseman
|
0-0: Called Strike 0-1: SINGLE (Line Drive, 9S, EV 85.6 MPH) Juan Alvarado scores Brandon Wilson to third Ryan Marsh to second Runner from 3rd tries for Home, throw by RF and OUT! 9-2
|
|
Batting: RHB Jeremy Rollins
|
0-0: Ball 1-0: Ball 2-0: Called Strike 2-1: Fly out, F9 (Flyball, 9, EV 93.1 MPH)
|
| Bottom of the 3rd over - 1 run, 2 hits, 0 errors, 2 left on base; UCLA 2 - University of North Carolina at Chapel Hill 1 |
| TOP OF THE 4TH |
|
UCLA Bruins batting - Pitching for University of North Carolina at Chapel Hill Tar Heels : LHP Francisco Guerra
|
|
Batting: RHB Andy Knerr
|
0-0: Called Strike 0-1: Foul Ball, location: 2F 0-2: Foul Ball, location: 2F 0-2: Fly out, F9 (Line Drive, 9S, EV 105.6 MPH)
|
|
Batting: RHB Corey Bradley
|
0-0: Ball 1-0: SINGLE (Line Drive, 5D, EV 101.9 MPH)
|
|
Batting: SHB Mike Beck
|
0-0: Ball 1-0: Foul Ball, location: 2F 1-1: Foul Ball, location: 2F 1-2: Foul Ball, location: 2F 1-2: Foul Ball, location: 2F 1-2: Strikes out looking
|
|
Batting: RHB Dave Spradley
|
0-0: Ball 1-0: Called Strike 1-1: Foul Ball, location: 2F 1-2: Ball 2-2: Ball 3-2: SINGLE (Groundball, 34S, EV 86.9 MPH) (infield hit) Corey Bradley to second
|
|
Batting: LHB Scott Mullett
|
0-0: Called Strike 0-1: Called Strike 0-2: Foul Ball, location: 2F 0-2: Ball 1-2: Ball 2-2: Ball 3-2: Base on Balls Corey Bradley to third Dave Spradley to second
|
|
Batting: RHB Luis de Jesus
|
0-0: SINGLE (Groundball, 6D, EV 107.5 MPH) Corey Bradley scores Dave Spradley to third Scott Mullett to second Runner from 3rd tries for Home, SAFE, throw by CF to home
|
|
Batting: RHB Ivan Murillo
|
0-0: Called Strike 0-1: Foul Ball, location: 2F 0-2: Strikes out looking
|
| Top of the 4th over - 2 runs, 3 hits, 0 errors, 2 left on base; UCLA 4 - University of North Carolina at Chapel Hill 1 |
| BOTTOM OF THE 4TH |
|
University of North Carolina at Chapel Hill Tar Heels batting - Pitching for UCLA Bruins : RHP Cyrano Papadoupolos
|
|
Batting: SHB Jonathan Barrie
|
0-0: SINGLE (Line Drive, 9S, EV 100.6 MPH)
|
|
Batting: SHB Jim Saxon
|
0-0: Foul Ball, location: 2F 0-1: Foul Ball, location: 2F 0-2: Fielders Choice at 2nd, 4-6 (Groundball, 34, EV 86.2 MPH)
|
|
Batting: RHB Tony Jennings
|
0-0: Called Strike 0-1: Foul Ball, location: 2F 0-2: Ball 1-2: Ball 2-2: Strikes out swinging
|
|
Batting: LHB Juan Alvarado
|
0-0: SINGLE (Line Drive, 7S, EV 100.0 MPH) Jim Saxon to second
|
|
Batting: RHB Brandon Wilson
|
0-0: Foul Ball, location: 2F 0-1: Foul Ball, location: 2F 0-2: Foul Ball, location: 2F 0-2: Ball 1-2: Foul Ball, location: 2F 1-2: SINGLE (Groundball, 6MD, EV 100.6 MPH) Jim Saxon to third Juan Alvarado to second Runner from 3rd tries for Home, throw by CF and OUT! 8-2
|
| Bottom of the 4th over - 0 runs, 3 hits, 0 errors, 2 left on base; UCLA 4 - University of North Carolina at Chapel Hill 1 |
| TOP OF THE 5TH |
|
UCLA Bruins batting - Pitching for University of North Carolina at Chapel Hill Tar Heels : LHP Francisco Guerra
|
|
Batting: RHB Ken Hillman
|
0-0: Ball 1-0: Called Strike 1-1: Ball 2-1: Ball 3-1: Foul Ball, location: 2F 3-2: Base on Balls
|
|
Batting: RHB Issac Konol
|
0-0: Ball 1-0: Called Strike 1-1: Called Strike Ken Hillman steals 2nd base 1-2: 2-RUN HOME RUN (Flyball, 78XD, EV 113.1 MPH), Distance : 412 ft
|
|
Pitching: RHP Alex Aldaya
|
|
|
Batting: RHB Andy Knerr
|
0-0: Ground out 6-3 (Groundball, 6, EV 84.4 MPH)
|
|
Batting: RHB Corey Bradley
|
0-0: Ball 1-0: Fly out, F7 (Flyball, 7S, EV 92.5 MPH)
|
|
Batting: SHB Mike Beck
|
0-0: Called Strike 0-1: Ball 1-1: SOLO HOME RUN (Flyball, 9D, EV 100.0 MPH), Distance : 402 ft
|
|
Batting: RHB Dave Spradley
|
0-0: SOLO HOME RUN (Flyball, 7LD, EV 100.0 MPH), Distance : 378 ft
|
|
Batting: LHB Scott Mullett
|
0-0: Foul Ball, location: 2F 0-1: Ball 1-1: Fly out, F7 (Flyball, 7S, EV 85.6 MPH)
|
| Top of the 5th over - 4 runs, 3 hits, 0 errors, 0 left on base; UCLA 8 - University of North Carolina at Chapel Hill 1 |
| BOTTOM OF THE 5TH |
|
University of North Carolina at Chapel Hill Tar Heels batting - Pitching for UCLA Bruins : RHP Cyrano Papadoupolos
|
|
Batting: SHB Ryan Marsh
|
0-0: Called Strike 0-1: Reached on error, E1 (Groundball, 15S, EV 67.5 MPH)
|
|
Batting: RHB Bill Atley
|
0-0: Ball 1-0: Called Strike 1-1: Ground out 5-3 (Groundball, 56S, EV 78.8 MPH)
|
|
Batting: RHB Michael Houseman
|
0-0: Called Strike 0-1: SINGLE (Line Drive, 8RS, EV 110.6 MPH) Ryan Marsh to third Runner from 3rd tries for Home, SAFE, throw by CF to home Michael Houseman to second
|
|
Batting: RHB Jeremy Rollins
|
0-0: Ball 1-0: Ball 2-0: Ball 3-0: Called Strike 3-1: Fly out, F8 (Flyball, 8RXD, EV 98.8 MPH) Runner from 2nd tags up, SAFE at 3rd, no throw by CF
|
|
Batting: SHB Jonathan Barrie
|
0-0: Fly out, F7 (Flyball, 7S, EV 80.6 MPH)
|
| Bottom of the 5th over - 1 run, 1 hit, 1 error, 1 left on base; UCLA 8 - University of North Carolina at Chapel Hill 2 |
| TOP OF THE 6TH |
|
UCLA Bruins batting - Pitching for University of North Carolina at Chapel Hill Tar Heels : RHP Alex Aldaya
|
|
Batting: RHB Luis de Jesus
|
0-0: Foul Ball, location: 2F 0-1: Ground out 5-3 (Groundball, 25, EV 81.2 MPH)
|
|
Batting: RHB Ivan Murillo
|
0-0: Ball 1-0: SINGLE (Line Drive, 34D, EV 94.4 MPH)
|
|
Batting: RHB Ken Hillman
|
0-0: Ball 1-0: Ball 2-0: Called Strike 2-1: Ball 3-1: Grounds into double play, 5-4-3 (Groundball, 56, EV 100.6 MPH)
|
| Top of the 6th over - 0 runs, 1 hit, 0 errors, 0 left on base; UCLA 8 - University of North Carolina at Chapel Hill 2 |
| BOTTOM OF THE 6TH |
|
University of North Carolina at Chapel Hill Tar Heels batting - Pitching for UCLA Bruins : RHP Cyrano Papadoupolos
|
|
Batting: SHB Jim Saxon
|
0-0: Called Strike 0-1: Ball 1-1: Called Strike 1-2: Fly out, F7 (Flyball, 7, EV 94.4 MPH)
|
|
Batting: RHB Tony Jennings
|
0-0: Ball 1-0: Foul Ball, location: 2F 1-1: Called Strike 1-2: Foul Ball, location: 2F 1-2: Strikes out swinging
|
|
Batting: LHB Juan Alvarado
|
0-0: Fly out, F9 (Flyball, 89M, EV 81.2 MPH)
|
| Bottom of the 6th over - 0 runs, 0 hits, 0 errors, 0 left on base; UCLA 8 - University of North Carolina at Chapel Hill 2 |
| TOP OF THE 7TH |
|
UCLA Bruins batting - Pitching for University of North Carolina at Chapel Hill Tar Heels : RHP Alex Aldaya
|
|
Batting: RHB Issac Konol
|
0-0: Foul Ball, location: 2F 0-1: Ball 1-1: Foul Ball, location: 2F 1-2: Fly out, F9 (Flyball, 9, EV 90.6 MPH)
|
|
Batting: RHB Andy Knerr
|
0-0: Foul Ball, location: 2F 0-1: Foul Ball, location: 2F 0-2: Ball 1-2: Ball 2-2: Ball 3-2: Foul Ball, location: 2F 3-2: Fly out, F5 (Popup, 56S, EV 79.4 MPH)
|
|
Batting: RHB Corey Bradley
|
0-0: Foul Ball, location: 2F 0-1: Foul Ball, location: 2F 0-2: Strikes out swinging
|
| Top of the 7th over - 0 runs, 0 hits, 0 errors, 0 left on base; UCLA 8 - University of North Carolina at Chapel Hill 2 |
| BOTTOM OF THE 7TH |
|
University of North Carolina at Chapel Hill Tar Heels batting - Pitching for UCLA Bruins : RHP Cyrano Papadoupolos
|
|
Pitching: RHP Mark Crawford
|
|
|
Batting: RHB Brandon Wilson
|
0-0: Ball 1-0: Ball 2-0: Ground out 6-3 (Groundball, 6, EV 82.5 MPH)
|
|
Batting: SHB Ryan Marsh
|
0-0: Ball 1-0: DOUBLE (Line Drive, 9LM, EV 111.9 MPH)
|
|
Batting: RHB Bill Atley
|
0-0: Ball Ryan Marsh steals 3rd base 1-0: Ball 2-0: Ball 3-0: Called Strike 3-1: SINGLE (Line Drive, 9S, EV 106.9 MPH) Ryan Marsh scores
|
|
Batting: RHB Michael Houseman
|
0-0: Called Strike Bill Atley steals 2nd base (no throw) 0-1: Ball Bill Atley steals 3rd base 1-1: Ball 2-1: Ground out 5-3 (Groundball, 56, EV 87.5 MPH) Bill Atley scores
|
|
Batting: RHB Jeremy Rollins
|
0-0: Fly out, F9 (Flyball, 9D, EV 94.4 MPH)
|
| Bottom of the 7th over - 2 runs, 2 hits, 0 errors, 0 left on base; UCLA 8 - University of North Carolina at Chapel Hill 4 |
| TOP OF THE 8TH |
|
UCLA Bruins batting - Pitching for University of North Carolina at Chapel Hill Tar Heels : RHP Alex Aldaya
|
|
Pitching: RHP Ted Hurley
|
|
|
Batting: SHB Mike Beck
|
0-0: Swinging Strike 0-1: Foul Ball, location: 2F 0-2: Foul Ball, location: 2F 0-2: Ball 1-2: Foul Ball, location: 2F 1-2: Ball 2-2: SINGLE (Groundball, 4MD, EV 96.9 MPH)
|
|
Batting: RHB Dave Spradley
|
0-0: Ball 1-0: Foul Ball, location: 2F 1-1: Ball 2-1: Ball 3-1: Fly out, F8 (Flyball, 8LD, EV 101.9 MPH)
|
|
Batting: LHB Scott Mullett
|
0-0: Called Strike 0-1: Ball 1-1: Swinging Strike 1-2: Strikes out swinging
|
|
Batting: RHB Luis de Jesus
|
0-0: Called Strike 0-1: Ball 1-1: SINGLE (Groundball, 4, EV 93.8 MPH) Mike Beck to second Runner from 2nd tries for 3rd, SAFE, no throw by RF
|
|
Batting: RHB Ivan Murillo
|
0-0: Swinging Strike 0-1: Swinging Strike 0-2: Ball 1-2: Foul Ball, location: 2F 1-2: Ball 2-2: Ball 3-2: Strikes out looking
|
| Top of the 8th over - 0 runs, 2 hits, 0 errors, 2 left on base; UCLA 8 - University of North Carolina at Chapel Hill 4 |
| BOTTOM OF THE 8TH |
|
University of North Carolina at Chapel Hill Tar Heels batting - Pitching for UCLA Bruins : RHP Mark Crawford
|
|
Pitching: RHP Jan Marvel
|
|
|
Batting: SHB Jonathan Barrie
|
0-0: Swinging Strike 0-1: Ball 1-1: Called Strike 1-2: Strikes out looking
|
|
Batting: SHB Jim Saxon
|
0-0: Called Strike 0-1: Ball 1-1: Called Strike 1-2: Foul Ball, location: 2F 1-2: Ball 2-2: Strikes out swinging
|
|
Batting: RHB Tony Jennings
|
0-0: Called Strike 0-1: Called Strike 0-2: Strikes out swinging
|
| Bottom of the 8th over - 0 runs, 0 hits, 0 errors, 0 left on base; UCLA 8 - University of North Carolina at Chapel Hill 4 |
| TOP OF THE 9TH |
|
UCLA Bruins batting - Pitching for University of North Carolina at Chapel Hill Tar Heels : RHP Ted Hurley
|
|
Pitching: RHP Jason Kaelber
|
|
|
Batting: RHB Ken Hillman
|
0-0: Swinging Strike 0-1: Ball 1-1: Ball 2-1: Ground out 4-3 (Groundball, 4S, EV 87.5 MPH)
|
|
Batting: RHB Issac Konol
|
0-0: Fly out, F7 (Flyball, 7D, EV 95.0 MPH)
|
|
Batting: RHB Andy Knerr
|
0-0: Called Strike 0-1: Fly out, F9 (Flyball, 9, EV 89.4 MPH)
|
| Top of the 9th over - 0 runs, 0 hits, 0 errors, 0 left on base; UCLA 8 - University of North Carolina at Chapel Hill 4 |
| BOTTOM OF THE 9TH |
|
University of North Carolina at Chapel Hill Tar Heels batting - Pitching for UCLA Bruins : RHP Jan Marvel
|
|
Pitching: RHP Alex Rosales
|
|
|
Batting: LHB Juan Alvarado
|
0-0: Foul Ball, location: 2F 0-1: Foul Ball, location: 2F 0-2: Ball 1-2: SINGLE (Groundball, 56, EV 99.4 MPH)
|
|
Batting: RHB Brandon Wilson
|
0-0: Ball 1-0: Swinging Strike 1-1: Ball 2-1: Swinging Strike 2-2: Strikes out swinging
|
|
Batting: SHB Ryan Marsh
|
0-0: Fly out, F7 (Flyball, 7, EV 76.9 MPH)
|
|
Batting: RHB Bill Atley
|
0-0: Called Strike 0-1: Ball 1-1: Swinging Strike 1-2: Ground out 5-3 (Groundball, 56S, EV 86.9 MPH)
|
| Bottom of the 9th over - 0 runs, 1 hit, 0 errors, 1 left on base; UCLA 8 - University of North Carolina at Chapel Hill 4 |
|